 Dungeon Crawl Stone Soup version 0.22-a0-406-g9ff8d77 (webtiles) character file.

1945585 Mgcat the Wrestler (level 27, 260/260 (261) HPs)
             Began as a Troll Berserker on May 7, 2018.
             Was a High Priest of Trog.
             Escaped with the Orb
             ... and 3 runes on May 8, 2018!
             The game lasted 03:05:05 (54261 turns).

Mgcat the Wrestler (Troll Berserker)               Turns: 54261, Time: 03:05:06

HP:   260/260 (261) AC: 21    Str: 41    XL:     27
MP:   28/28         EV: 23    Int: 12    God:    Trog [*****.]
Gold: 2458          SH: 33    Dex: 15    Spells: 26/26 levels left

rFire    + + .     SeeInvis +     - Unarmed
rCold    + + +     Gourm    +   W - +6 large shield "Igrude" {rPois rC+ Dex+2}
rNeg     . . .     Faith    .   d - +6 faerie dragon scales {rCorr Int+6 SInv}
rPois    +         Spirit   .   K - +2 hat {MR+}
rElec    +         Reflect  +   k - scarf {rC+ rF+}
rCorr    +         Harm     .   (gloves unavailable)
MR       +++..                  (boots unavailable)
Stlth    +.........             V - +3 amulet of reflection
HPRegen  0.93/turn              t - ring "Busk" {rElec rF+ Str+2 Stlth+}
MPRegen  0.21/turn              y - ring of the Lost Realms {rC++ Str+4 Int-2 SInv Stlth+}

@: no status effects
A: large, unfitting armour, claws 3, agile 1, fast metabolism 3, frail 1,
gourmand, mutation resistance 1, regeneration 1, shaggy fur 1, tough skin 2
0: Orb of Zot
}: 3/15 runes: serpentine, barnacled, silver
a: Berserk, Trog's Hand, Brothers in Arms, Renounce Religion


You escaped.
You worshipped Trog.
Trog was extremely pleased with you.
You were not hungry.

You visited 8 branches of the dungeon, and saw 46 of its levels.
You visited the Abyss 1 time.
You visited 1 bazaar.
You also visited: Trove and Sewer.

You collected 6599 gold pieces.
You spent 4141 gold pieces at shops.

Inventory:

Hand Weapons
 v - the +10 quarterstaff "Impbane" {crush, Str+2 Int+4}
   (You took it off a frost giant on level 5 of the Vaults)

   It inflicts extra damage upon your enemies.
   It affects your strength (+2).
   It affects your intelligence (+4).
Missiles
 q - 25 throwing nets {=f, !d}
Armour
 a - +0 gold dragon scales
   (You found it on level 5 of the Vaults)
 d - the +6 faerie dragon scales (worn) {rCorr Int+6 SInv}
   (You took it off the Enchantress on level 4 of the Depths)

   It affects your intelligence (+6).
   It lets you see invisible.
   It protects you from acid and corrosion.
 k - a scarf of resistance (worn)
   (You acquired it on level 1 of the Vaults)
 x - a +1 cloak
   (You took it off a draconian annihilator on level 5 of the Realm of Zot)
 C - a +1 cloak
   (You took it off a draconian stormcaller on level 5 of the Realm of Zot)
 K - a +2 hat of magic resistance (worn)
   (You took it off Gastronok on level 1 of the Orcish Mines)
 W - the +6 large shield "Igrude" (worn) {rPois rC+ Dex+2}
   (You found it on level 3 of the Depths)

   It affects your dexterity (+2).
   It protects you from cold.
   It protects you from poison.
Jewellery
 j - the ring of Robustness {AC+8}
   (You found it on level 4 of the Vaults)

   [ring of protection]

   It affects your AC (+8).
 t - the ring "Busk" (left claw) {rElec rF+ Str+2 Stlth+}
   (You found it in a treasure trove)

   [ring of strength]

   It affects your strength (+2).
   It protects you from fire.
   It insulates you from electricity.
   It makes you more stealthy.
 y - the ring of the Lost Realms (right claw) {rC++ Str+4 Int-2 SInv Stlth+}
   (You found it in a treasure trove)

   [ring of stealth]

   It affects your strength (+4).
   It affects your intelligence (-2).
   It greatly protects you from cold.
   It lets you see invisible.
   It makes you more stealthy.
 V - a +3 amulet of reflection (around neck)
   (You found it on level 4 of the Vaults)
 X - an uncursed amulet of faith {Faith, !P}
   (You found it on level 3 of the Depths)
 Z - the ring of Hard Scrabble {rN+ MP+9 Str+4}
   (You found it in a treasure trove)

   [ring of magical power]

   It affects your strength (+4).
   It protects you from negative energy.
   It affects your magic capacity (+9).
Wands
 F - a wand of iceblast (52)
   (You found it on level 14 of the Dungeon)
 Q - a wand of acid (5)
   (You found it on level 3 of the Snake Pit)
 Y - a wand of digging (14)
   (You found it on level 4 of the Realm of Zot)
Scrolls
 e - 33 scrolls of remove curse
 l - 8 scrolls of teleportation
 n - 2 scrolls of silence
 s - 13 scrolls of identify
 w - 4 scrolls of fear
 z - 7 scrolls of enchant weapon
 B - 3 scrolls of summoning
 H - 4 scrolls of magic mapping {!r}
 I - 6 scrolls of holy word {!r}
 L - 8 scrolls of fog
 M - 8 scrolls of blinking {!r}
 R - 4 scrolls of enchant armour
Potions
 c - a potion of resistance
 g - 10 potions of curing
 h - 8 potions of cancellation
 m - 4 potions of heal wounds
 o - 12 potions of flight
 r - 2 potions of agility
 A - 6 potions of lignification {!q}
 N - 5 potions of berserk rage {!q}
 O - 6 potions of mutation {!q}
 P - 3 potions of might
Miscellaneous
 i - 3 phantom mirrors
 p - a fan of gales
   (You found it on level 2 of the Vaults)
 u - a sack of spiders
 D - a lamp of fire
   (You found it on level 10 of the Dungeon)
 E - a lightning rod (4/4)
   (You found it on level 5 of the Realm of Zot)
 G - a phial of floods
   (You found it on level 6 of the Lair of Beasts)
Comestibles
 b - 80 rations


   Skills:
 + Level 20.1 Fighting
 + Level 18.2 Armour
 + Level 19.9 Dodging
 - Level 15.0 Shields
 + Level 23.1 Unarmed Combat
 - Level 8.0 Evocations


You had 26 spell levels left.
You didn't know any spells.

Dungeon Overview and Level Annotations

Branches:
Dungeon (15/15)            Temple (0/1) D:7            Lair (6/6) D:10
 Shoals (4/4) Lair:3        Snake (4/4) Lair:4        Slime (0/5) Lair:6
    Orc (2/2) D:9             Elf (0/3) Orc:2        Vaults (5/5) D:14
  Crypt (0/3) Vaults:2     Depths (5/5) D:15            Zot (5/5) Depths:5

Altars:
Ashenzari
Cheibriados
Dithmenos
Elyvilon
Fedhas
Makhleb
Okawaru
Ru
Vehumet
Xom
Zin
The Shining One
Beogh
Lugonu

Shops:
D:7 !   D:9 [   D:11 =   D:15 *   Orc:2 ((:*   Snake:1 !   Snake:2 :
Snake:3 ?   Vaults:3 *   Depths:1 ?   Depths:3 ==}!*:=   Depths:5 *

Portals:
Hell: Depths:1 Depths:2 Depths:3 Depths:4 Depths:5
Abyss: Depths:3 Depths:4
Pandemonium: Depths:1 Depths:3 Depths:5
Ziggurat: Depths:2

Annotations:
Depths:2 2 transporters, exclusion: orange crystal statue
Depths:4 Mara
Zot:3 1 exclusion


Innate Abilities, Weirdness & Mutations

You are too large for most types of armour.
You have claws for hands.
Your metabolism is lightning-fast.
You like to eat raw meat.
Your natural rate of healing is unusually fast.
You are covered in fur. (AC +1)
You have very tough skin. (AC +2)
You are agile. (Dex +2)
You are frail. (-10% HP)
You are somewhat resistant to further mutation.


Message History

You eviscerate the hellwing!!!!
You kill the hellwing!
Trog accepts your kill.
There is a stone staircase leading up here.
You climb upwards.
There is a stone staircase leading down here.
(D) Dungeon (T) Temple (L) Lair (A) Shoals (P) Snake Pit (M) Slime Pits (O) Orcish Mines (E) Elven Halls (V) Vaults (C) Crypt (U) Depths (H) Hell (Z) Zot
Where to? (Enter - D:1 @ (x,y), ? - help)
What level of the Dungeon? (default 1, ? - help)
There is a stone staircase leading up here.
You climb upwards.
There is a stone staircase leading down here.
There is a stone staircase leading up here.
You climb upwards.
There is a stone staircase leading down here.
There is a stone staircase leading up here.
You climb upwards.
There is a stone staircase leading down here.
An Orb Guardian comes into view.
(D) Dungeon (T) Temple (L) Lair (A) Shoals (P) Snake Pit (M) Slime Pits (O) Orcish Mines (E) Elven Halls (V) Vaults (C) Crypt (U) Depths (H) Hell (Z) Zot
Where to? (Enter - D:1 @ (x,y), ? - help)
What level of the Dungeon? (default 1, ? - help)
(D) Dungeon (T) Temple (L) Lair (A) Shoals (P) Snake Pit (M) Slime Pits (O) Orcish Mines (E) Elven Halls (V) Vaults (C) Crypt (U) Depths (H) Hell (Z) Zot
Where to? (Enter - D:1 @ (x,y), ? - help)
What level of the Dungeon? (default 1, ? - help)
There is an escape hatch in the ceiling here.
A mysterious force pulls you upwards. The hatch slams shut behind you.
(D) Dungeon (T) Temple (L) Lair (A) Shoals (P) Snake Pit (M) Slime Pits (O) Orcish Mines (E) Elven Halls (V) Vaults (C) Crypt (U) Depths (H) Hell (Z) Zot
Where to? (Enter - D:1 @ (x,y), ? - help)
What level of the Dungeon? (default 1, ? - help)
There is a stone staircase leading up here.
You climb upwards.
There is a stone staircase leading down here.
You see here a hand axe.
An Orb Guardian comes into view.
There is an open door here.
You close the door.
(D) Dungeon (T) Temple (L) Lair (A) Shoals (P) Snake Pit (M) Slime Pits (O) Orcish Mines (E) Elven Halls (V) Vaults (C) Crypt (U) Depths (H) Hell (Z) Zot
Where to? (Enter - D:1 @ (x,y), ? - help)
What level of the Dungeon? (default 1, ? - help)
There is a stone staircase leading up here.
You climb upwards.
There is a stone staircase leading down here.
(D) Dungeon (T) Temple (L) Lair (A) Shoals (P) Snake Pit (M) Slime Pits (O) Orcish Mines (E) Elven Halls (V) Vaults (C) Crypt (U) Depths (H) Hell (Z) Zot
Where to? (Enter - D:1 @ (x,y), ? - help)
What level of the Dungeon? (default 1, ? - help)
There is a stone staircase leading up here.
You climb upwards.
There is a stone staircase leading down here.
A chaos spawn comes into view.
You block the chaos spawn's attack.
There is a stone staircase leading up here.
You eviscerate the chaos spawn!!!!
You kill the chaos spawn!
Trog accepts your kill.
The chaos spawn degenerates into a cloud of primal chaos!
You climb upwards.
There is a stone staircase leading down here.
Unknown command.
(D) Dungeon (T) Temple (L) Lair (A) Shoals (P) Snake Pit (M) Slime Pits (O) Orcish Mines (E) Elven Halls (V) Vaults (C) Crypt (U) Depths (H) Hell (Z) Zot
Where to? (Enter - D:1 @ (x,y), ? - help)
What level of the Dungeon? (default 1, ? - help)
There is a stone staircase leading up here.
You climb upwards.
There is a stone staircase leading down here.
An Orb Guardian comes into view.
There is an escape hatch in the ceiling here.
A mysterious force pulls you upwards. The hatch slams shut behind you.
(D) Dungeon (T) Temple (L) Lair (A) Shoals (P) Snake Pit (M) Slime Pits (O) Orcish Mines (E) Elven Halls (V) Vaults (C) Crypt (U) Depths (H) Hell (Z) Zot
Where to? (Enter - D:1 @ (x,y), ? - help)
What level of the Dungeon? (default 1, ? - help)
Okay, then.
Unknown command.
There is a staircase leading out of the dungeon here.
There is a staircase leading out of the dungeon here.
You have escaped!

.# #.....# #.........#### .#
#.#.#######.........#### .#
#.............######....
.###########.####...#.## #....
.#........##...........######....
.#.######.##.......##..#...##....
.#.#....#.##..P...P.#..#.#.......
.#.#.##.#.#.........#..1.####....
.#.#.##.#.#.....@.....#### #....
.#..........#.........# #....
.####.###.###.P...P..## #....
.............#.......# #....
#####.########......## ##### #.#
######## #.# #.# #.#


You could see a Brimstone Fiend.

Vanquished Creatures
  11 orbs of fire
  An ancient lich (Zot:5)
  Mennas (Depths:3)
  Mara (Depths:4)
  A juggernaut (Depths:4)
  Sojobo (Depths:1)
  Vashnia (Snake:2)
  3 Killer Klowns (Zot:5)
  Xtahua (Depths:3)
  8 curse toes
  8 caustic shrikes (Depths:4)
  12 golden dragons
  2 bone dragons (Depths:5)
  the Enchantress (Depths:4)
  6 electric golems
  Jorgrun (Vaults:1)
  25 Orb Guardians (Zot:5)
  9 tentacled monstrosities
  2 titans (Vaults:5)
  10 quicksilver dragons
  4 liches
  10 death cobs
  3 sphinxes
  Polyphemus (Shoals:3)
  An ancient champion (Vaults:2)
  A kraken (Shoals:2)
  An Executioner (Depths:5)
  2 tentacled starspawn (Abyss:4)
  Frances (D:12)
  10 shadow dragons
  Gastronok (Orc:1)
  8 draconian monks
  11 storm dragons
  6 tengu reavers
  Ilsuiw (Shoals:4)
  11 nagarajas
  3 daevas (Depths:3)
  A fire giant (shapeshifter) (Depths:3)
  A draconian scorcher (Zot:3)
  An orc warlord (Orc:1)
  4 fire giants
  2 deep elf sorcerers (Vaults:5)
  3 ghost moths
  4 iron dragons
  22 vault wardens
  8 draconian knights
  10 frost giants
  3 angels (Depths:3)
  5 draconian shifters
  3 deep elf elementalists
  9 ironheart preservers
  8 draconian stormcallers
  31 very ugly things
  5 spriggan defenders (Depths:4)
  6 draconian annihilators
  15 stone giants
  4 war gargoyles (Vaults:5)
  A caustic shrike skeleton (Depths:4)
  A cacodemon (Depths:5)
  4 vampire knights
  7 green draconians
  3 deep elf demonologists (Vaults:5)
  5 black draconians
  2 entropy weavers
  13 purple draconians
  Nessos (Lair:5)
  8 red draconians
  15 yellow draconians
  12 white draconians
  4 spark wasps (Depths:4)
  An eidolon (Vaults:2)
  The ghost of Borgoz the Fighter, a journeyman GrFi of Ashenzari (Lair:5)
  10 merfolk javelineers
  An ettin (shapeshifter) (Depths:3)
  11 ettins
  7 fire dragons
  16 yaktaur captains
  Josephine (D:13)
  17 merfolk impalers
  3 hydras
  6 rakshasas
  Harold (D:10)
  3 great orbs of eyes (Depths:4)
  2 hell beasts
  11 ice dragons
  A catoblepas (Shoals:3)
  38 vault guards
  The ghost of Mgcat the Grappler, a novice TrBe of Trog (D:10)
  11 naga warriors
  4 spriggan air magi
  5 alligator snapping turtles (Shoals:4)
  3 merfolk avatars
  12 ogre magi
  50 two-headed ogres
  10 centaur warriors
  18 anacondas
  2 death knights (Vaults:1)
  9 merfolk aquamancers
  2 dancing weapons (Vaults:5)
  5 tengu warriors
  A satyr (shapeshifter) (Vaults:4)
  An alligator (Shoals:2)
  5 deep troll shamans
  3 death yaks (Shoals:3)
  7 deep troll earth magi
  3 orc high priests (Orc:2)
  2 vampire magi
  6 spriggan berserkers
  A sun demon (Depths:2)
  7 shock serpents
  A storm dragon zombie (Depths:2)
  Urug (Lair:3)
  4 deep elf knights
  13 naga sharpshooters
  2 soul eaters
  A sixfirhy (Depths:5)
  Sonja (D:12)
  6 cherubim (Depths:3)
  2 salamander mystics
  A spark wasp zombie (Depths:4)
  12 sea snakes
  An unseen horror (shapeshifter) (Vaults:4)
  5 unseen horrors
  3 iron trolls
  22 deep trolls
  10 skeletal warriors
  A death drake (shapeshifter) (Depths:5)
  5 glowing orange brains
  A swamp dragon (shapeshifter) (Vaults:5)
  A golden dragon zombie (Vaults:5)
  A wizard (D:15)
  3 deep elf archers
  25 ironbrand convokers
  A golden dragon skeleton (Depths:4)
  9 naga ritualists
  9 phantasmal warriors
  16 orc knights
  2 wolf spider zombies
  4 wolf spiders
  19 harpies
  An iron dragon zombie (Depths:4)
  A wolf spider (shapeshifter) (Depths:4)
  A tengu zombie (Vaults:3)
  7 necromancers
  A fire giant zombie (Vaults:3)
  An oklob plant (Lair:6)
  18 mana vipers
  59 ugly things
  A frost giant zombie (Vaults:3)
  26 slime creatures
  11 cyclopes
  A faun (shapeshifter) (Vaults:5)
  A fire giant skeleton (Vaults:3)
  8 orc sorcerers
  10 salamanders
  2 manticores (shapeshifter)
  6 deep elf magi
  12 merfolk sirens
  9 manticores
  Maurice (D:12)
  20 naga magi
  A spriggan zombie (Depths:4)
  13 guardian serpents (Snake:4)
  15 fauns
  35 moths of wrath
  3 water nymphs
  Psyche (D:12)
  4 apocalypse crabs (Zot:3)
  26 black mambas
  4 centaur zombies
  5 elephants
  A titan simulacrum (Depths:4)
  12 vault sentinels
  A gargoyle (D:14)
  3 rust devils
  An eye of devastation (shapeshifter) (Vaults:2)
  A smoke demon (Abyss:4)
  A torpor snail (Lair:3)
  2 orange demons
  A yaktaur zombie (Vaults:3)
  3 kobold demonologists
  An elf zombie (Vaults:5)
  26 spiny frogs
  A spark wasp simulacrum (Depths:4)
  A hellion (Depths:2)
  A komodo dragon (Lair:6)
  A human skeleton (Vaults:3)
  A rime drake (Lair:6)
  7 freezing wraiths
  55 yaktaurs
  A rime drake (shapeshifter) (Vaults:3)
  A yaktaur (shapeshifter) (Vaults:2)
  A tormentor (Depths:5)
  3 ancient zymes (Abyss:4)
  4 hellwings
  8 trolls
  3 tyrant leeches (Lair:6)
  44 merfolk
  A shadow dragon simulacrum (Vaults:3)
  A red devil (Depths:4)
  5 tengu conjurers
  A wolf spider simulacrum (D:15)
  5 wind drakes
  11 raiju (Abyss:4)
  6 hornets
  A blink frog (shapeshifter) (Vaults:4)
  15 hippogriffs
  Prince Ribbit (D:5)
  6 large abominations
  25 blink frogs
  10 snapping turtles
  9 dream sheep
  A fire giant simulacrum (Vaults:3)
  A stone giant simulacrum (Vaults:5)
  A spriggan (shapeshifter) (D:15)
  3 shadows
  4 spriggans
  3 redbacks (Vaults:4)
  18 water elementals
  A human (D:9)
  2 ettin skeletons
  7 wraiths
  A ynoxinul (Depths:5)
  An air elemental (Abyss:4)
  A wyvern (Lair:5)
  5 basilisks
  A human simulacrum (Vaults:2)
  29 yaks
  7 hungry ghosts
  Eustachio (D:4)
  2 steam dragons (D:8)
  7 vampire mosquitoes
  2 chaos spawn
  An elf skeleton (Vaults:5)
  5 insubstantial wisps
  The ghost of VDreamerV the Changer, an amateur OpTm of the Shining One (D:4)
  3 acid dragons
  5 wargs
  42 nagas
  A soldier ant (D:15)
  A deep troll zombie (Vaults:3)
  A naga (shapeshifter) (Vaults:5)
  5 porcupines
  3 small abominations (Abyss:4)
  10 water moccasins
  40 orc warriors
  An eye of draining (D:15)
  3 ice beasts
  2 sky beasts
  An orc zombie (Vaults:1)
  11 boggarts
  2 necrophages (D:8)
  13 wolves
  13 centaurs
  24 ogres
  A tengu (shapeshifter) (Vaults:3)
  10 crocodiles
  6 big kobolds
  18 bullfrogs
  A human zombie (Vaults:3)
  6 scorpions
  12 killer bees
  5 wights
  4 electric eels
  2 howler monkeys
  5 crimson imps
  A bullfrog zombie (D:7)
  2 quasits (Depths:5)
  4 centaur skeletons
  4 jellies
  29 orc priests
  11 hounds
  Crazy Yiuf (D:3)
  31 orc wizards
  3 bullfrog skeletons
  2 iron imps
  Jessica (D:2)
  Natasha (thrice) (D:2)
  2 iguanas
  17 worker ants
  A killer bee zombie (D:8)
  3 hound zombies
  A hound skeleton (D:10)
  4 worker ant zombies
  2 howler monkey skeletons
  22 adders
  2 gnolls (D:2)
  2 river rats (Sewer)
  7 shadow imps
  4 white imps
  An ooze (D:2)
  2 adder skeletons
  A worm (shapeshifter) (Vaults:5)
  6 worms
  A dart slug (D:2)
  11 leopard geckos
  94 orcs
  11 bats
  8 giant cockroaches
  7 hobgoblins
  A hobgoblin (shapeshifter) (Vaults:5)
  8 jackals
  7 quokkas
  A ball python (D:1)
  3 frilled lizards
  A giant cockroach zombie (D:5)
  8 goblins
  11 kobolds
  2 quokka skeletons
  8 rats
  A plant (Lair:5)
  3 starspawn tentacles (Abyss:4)
  4 tentacles (Shoals:2)
2182 creatures vanquished.

Vanquished Creatures (collateral kills)
  A juggernaut (Depths:5)
  A sphinx (Vaults:2)
  A vault warden (Vaults:1)
  The ghost of DEFE the Severer, a journeyman MiFi of the Shining One (Depths:2)
  An ironheart preserver (Vaults:2)
  A stone giant (Depths:4)
  A draconian stormcaller (Zot:2)
  A green draconian (Zot:2)
  2 merfolk javelineers (Shoals:4)
  A fire dragon (Depths:4)
  5 hydras
  A satyr (Shoals:3)
  A sea snake (Shoals:4)
  A wizard (Vaults:1)
  An orc knight (Vaults:1)
  A phantasmal warrior (Vaults:1)
  A harpy (Shoals:4)
  An ugly thing (D:12)
  A cyclops (Shoals:3)
  2 fauns (Shoals:3)
  A water nymph (Shoals:3)
  A vault sentinel (Vaults:1)
  A yaktaur (Depths:4)
  A freezing wraith (Depths:2)
  2 dream sheep (Shoals:3)
  A yak (D:13)
  An orc warrior (Vaults:2)
  An ice beast (D:12)
  An ogre (Vaults:1)
  A big kobold (D:13)
  A crimson imp (D:12)
  A quasit (Depths:5)
  2 orcs (Vaults:1)
41 creatures vanquished.

Vanquished Creatures (others)
  An eldritch tentacle (Lair:6)
  2 merfolk javelineers
  2 centaur warriors
  A deep elf archer (Vaults:5)
  A spiny frog (Lair:6)
  5 yaktaurs
  A vampire mosquito (Lair:6)
  An ogre (Vaults:3)
  A boggart (Vaults:2)
  4 bullfrogs (Lair:6)
  An orc (Vaults:1)
  10 fungi
  43 plants
  5 starspawn tentacles (Abyss:4)
  7 tentacles (Shoals:2)
85 creatures vanquished.

Grand Total: 2308 creatures vanquished

Notes
Turn   | Place    | Note
-------+----------+-------------------------------------------
     0 | D:1      | Mgcat the Troll Berserker began the quest for the Orb.
     0 | D:1      | Reached XP level 1. HP: 22/22 MP: 0/0
   157 | D:1      | Reached XP level 2. HP: 29/29 MP: 1/1
   808 | D:2      | Reached skill level 3 in Fighting
   808 | D:2      | Reached XP level 3. HP: 37/37 MP: 2/2
   893 | D:2      | Reached ** piety under Trog
   950 | D:2      | Noticed Natasha
   952 | D:2      | Reached skill level 4 in Unarmed Combat
   958 | D:2      | Killed Natasha
   958 | D:2      | Reached XP level 4. HP: 41/45 MP: 3/3
  1066 | D:2      | Noticed Jessica
  1069 | D:2      | Killed Jessica
  1069 | D:2      | Reached XP level 5. HP: 54/54 MP: 4/4
  1097 | D:2      | Noticed Natasha
  1103 | D:2      | Killed Natasha
  1129 | D:2      | Reached skill level 4 in Fighting
  1206 | D:2      | Noticed Natasha
  1214 | D:2      | Killed Natasha
  1221 | D:2      | Found a burning altar of Makhleb.
  1224 | D:2      | Found a snail-covered altar of Cheibriados.
  1442 | D:2      | Reached skill level 5 in Unarmed Combat
  1471 | D:2      | Found an iron altar of Okawaru.
  1580 | D:2      | Found a radiant altar of Vehumet.
  1652 | D:3      | Reached *** piety under Trog
  1771 | D:3      | Reached XP level 6. HP: 58/63 MP: 5/5
  2058 | D:3      | Found a runed door.
  2062 | D:3      | Noticed Crazy Yiuf
  2066 | D:3      | Killed Crazy Yiuf
  2179 | D:4      | Reached skill level 6 in Unarmed Combat
  2208 | D:4      | Reached skill level 5 in Fighting
  2208 | D:4      | Reached XP level 7. HP: 72/72 MP: 6/6
  2583 | D:4      | Noticed Eustachio
  2590 | D:4      | Killed Eustachio
  2862 | D:4      | Noticed VDreamerV's ghost (amateur OpTm)
  2871 | D:4      | Killed VDreamerV's ghost
  2871 | D:4      | Reached skill level 7 in Unarmed Combat
  2973 | D:5      | Entered Level 5 of the Dungeon
  2977 | D:5      | Reached skill level 6 in Fighting
  2977 | D:5      | Reached XP level 8. HP: 82/83 MP: 7/7
  3069 | D:5      | Noticed Prince Ribbit
  3077 | D:5      | Killed Prince Ribbit
  3111 | D:5      | Reached **** piety under Trog
  3132 | D:5      | Reached skill level 8 in Unarmed Combat
  3208 | D:5      | Reached skill level 7 in Fighting
  3359 | D:5      | Found a white marble altar of Elyvilon.
  3359 | D:5      | Found a shattered altar of Ashenzari.
  3539 | D:6      | Found a sacrificial altar of Ru.
  3587 | D:6      | Found a glowing drain.
  3615 | Sewer    | Entered a sewer
  3701 | Sewer    | Found a glowing silver altar of Zin.
  3839 | D:6      | Reached XP level 9. HP: 89/93 MP: 8/8
  3927 | D:6      | Reached skill level 9 in Unarmed Combat
  4038 | D:6      | Found a blossoming altar of Fedhas.
  4541 | D:7      | Reached skill level 8 in Fighting
  4663 | D:7      | Found Ohaig's Distillery.
  4890 | D:7      | Reached skill level 10 in Unarmed Combat
  4902 | D:7      | Found a staircase to the Ecumenical Temple.
  5161 | D:8      | Reached ***** piety under Trog
  5251 | D:8      | Reached skill level 9 in Fighting
  5251 | D:8      | Reached XP level 10. HP: 107/107 MP: 9/9
  5730 | D:8      | You fall through a shaft for 3 floors!
  5733 | D:11     | Noticed a two-headed ogre
  5745 | D:11     | Killed an unseen horror
  5745 | D:11     | Reached skill level 11 in Unarmed Combat
  5755 | D:11     | Killed a two-headed ogre
  5767 | D:11     | Noticed a green ugly thing
  5777 | D:11     | Killed a green ugly thing
  5777 | D:11     | Reached skill level 10 in Fighting
  5791 | D:10     | Entered Level 10 of the Dungeon
  5801 | D:10     | Noticed Harold
  6150 | D:9      | Received a gift from Trog
  6150 | D:9      | Reached skill level 12 in Unarmed Combat
  6182 | D:9      | Got a shimmering longbow {god gift}
  6183 | D:9      | Identified the +1 longbow of Qoits {freeze, MR- Str-4 Dex+7 SInv} (Trog gifted it to you on level 9 of the Dungeon)
  6219 | D:9      | Found a staircase to the Orcish Mines.
  6302 | D:9      | Found Beunorau's Armour Emporium.
  6316 | D:9      | Bought a +2 shield for 198 gold pieces
  6557 | D:9      | Noticed a two-headed ogre
  6565 | D:9      | Killed a two-headed ogre
  6565 | D:9      | Reached skill level 3 in Dodging
  6565 | D:9      | Reached skill level 1 in Shields
  6565 | D:9      | Reached XP level 11. HP: 88/119 MP: 10/10
  6794 | D:10     | Killed Harold
  6794 | D:10     | Reached skill level 2 in Shields
  6999 | D:10     | Noticed a two-headed ogre
  7002 | D:10     | Found the ring of the Octopus King
  7006 | D:10     | Killed a two-headed ogre
  7006 | D:10     | Reached skill level 4 in Dodging
  7006 | D:10     | Reached skill level 3 in Shields
  7016 | D:10     | Got a ring of the Octopus King
  7018 | D:10     | Identified a ring of the Octopus King {Wiz AC+1 EV+1 Str+1 Int+1 Dex+1} (You found it on level 10 of the Dungeon)
  7058 | D:10     | Noticed Mgcat's ghost (novice TrBe)
  7071 | D:10     | Killed Mgcat's ghost
  7157 | D:10     | Reached skill level 4 in Shields
  7161 | D:10     | Reached skill level 5 in Dodging
  7407 | D:10     | Found a staircase to the Lair.
  7577 | D:11     | Noticed a green ugly thing
  7589 | D:11     | Killed a green ugly thing
  7851 | D:11     | Reached skill level 5 in Shields
  7864 | D:11     | Reached skill level 6 in Dodging
  7876 | D:11     | Found Jiudig's Jewellery Emporium.
  8005 | D:11     | Identified a scroll of acquirement
  8006 | D:11     | Got a jewelled cloak
  8017 | D:11     | Identified the +1 cloak of Absence {MR- rCorr Int+4} (You acquired it on level 11 of the Dungeon)
  8084 | Lair:1   | Entered Level 1 of the Lair of Beasts
  8683 | Lair:1   | Reached skill level 1 in Evocations
  8685 | Lair:1   | Noticed a four-headed hydra
  8692 | Lair:1   | HP: 17/119 [four-headed hydra (14)]
  8692 | Lair:1   | HP: 8/119 [four-headed hydra (9)]
  8695 | Lair:1   | Killed a six-headed hydra
  8901 | Lair:1   | Reached XP level 12. HP: 117/127 MP: 12/12
  9303 | Lair:2   | Reached skill level 2 in Evocations
  9702 | Lair:2   | Reached skill level 6 in Shields
 10411 | Lair:3   | Noticed Urug
 10419 | Lair:3   | Killed Urug
 10419 | Lair:3   | Reached skill level 7 in Dodging
 10419 | Lair:3   | Reached skill level 3 in Evocations
 10699 | Lair:3   | Found a staircase to the Shoals.
 11101 | Lair:4   | Noticed a four-headed hydra
 11106 | Lair:4   | Killed a four-headed hydra
 11106 | Lair:4   | Reached skill level 7 in Shields
 11112 | Lair:4   | Reached skill level 4 in Evocations
 11141 | Lair:4   | Found a staircase to the Snake Pit.
 11840 | Lair:5   | Reached skill level 8 in Dodging
 11842 | Lair:5   | Noticed Borgoz's ghost (journeyman GrFi)
 12011 | Lair:5   | Noticed Nessos
 12031 | Lair:5   | Received a gift from Trog
 12040 | Lair:5   | Killed Nessos
 12040 | Lair:5   | Reached XP level 13. HP: 67/135 MP: 15/15
 12045 | Lair:5   | Reached skill level 5 in Evocations
 12215 | Lair:5   | Killed Borgoz's ghost
 12215 | Lair:5   | Reached skill level 8 in Shields
 12716 | Lair:6   | Entered Level 6 of the Lair of Beasts
 12886 | Lair:6   | Found a staircase to the Slime Pits.
 12948 | Lair:6   | Reached skill level 9 in Dodging
 12958 | Lair:6   | Reached skill level 6 in Evocations
 13064 | Lair:6   | Got a dazzling shortbow
 13069 | Lair:6   | Identified the +5 shortbow "Epro" {freeze, Str+8} (You found it on level 6 of the Lair of Beasts)
 13322 | Lair:6   | Reached skill level 9 in Shields
 13733 | Lair:6   | Reached skill level 7 in Evocations
 13903 | Lair:6   | Reached skill level 10 in Dodging
 14064 | Lair:6   | Got a glittering granite ring
 14074 | Lair:6   | Identified the ring of Hirhudd {*Tele *Slow rN++ Int+5} (You found it on level 6 of the Lair of Beasts)
 14357 | Lair:6   | Reached XP level 14. HP: 74/144 MP: 18/18
 14587 | Orc:1    | Entered Level 1 of the Orcish Mines
 14625 | D:9      | Bought the +10 large shield of Ignorance {rN+ Int-4} for 687 gold pieces
 14625 | D:9      | Found the +10 large shield of Ignorance {rN+ Int-4}
 14790 | Orc:2    | Entered Level 2 of the Orcish Mines
 14942 | Orc:2    | Reached ****** piety under Trog
 14977 | Orc:1    | Noticed an orc warlord
 14986 | Orc:1    | Killed an orc warlord
 14988 | Orc:1    | Received a gift from Trog
 14997 | Orc:1    | Reached skill level 1 in Armour
 15143 | Orc:1    | Noticed Gastronok
 15155 | Orc:1    | Killed Gastronok
 15466 | Orc:2    | Found a staircase to the Elven Halls.
 15619 | Orc:1    | Found a roughly hewn altar of Beogh.
 15781 | Orc:2    | Received a gift from Trog
 15908 | Orc:2    | Found Vishavets's General Store.
 15918 | Orc:2    | Reached skill level 2 in Armour
 16064 | Orc:2    | Found Mate's Book Emporium.
 16070 | Orc:2    | Found Gemastred's Weapon Emporium.
 16072 | Orc:2    | Found Toucw's Weapon Shop.
 16259 | D:12     | Noticed Psyche
 16276 | D:12     | Killed Psyche
 16385 | D:12     | Noticed Sonja
 16396 | D:12     | Killed Sonja
 16578 | D:12     | Noticed Maurice
 16591 | D:12     | Killed Maurice
 16692 | D:12     | Reached skill level 3 in Armour
 16760 | D:12     | Received a gift from Trog
 16850 | D:12     | Reached skill level 8 in Evocations
 17036 | D:12     | Noticed Frances
 17047 | D:12     | Killed Frances
 17175 | D:12     | Reached skill level 11 in Fighting
 17994 | D:13     | Reached XP level 15. HP: 124/153 MP: 20/20
 18049 | D:13     | Noticed Josephine
 18055 | D:13     | Killed Josephine
 18055 | D:13     | Reached skill level 4 in Armour
 18055 | D:13     | Reached skill level 13 in Unarmed Combat
 18464 | D:13     | Reached skill level 10 in Shields
 18635 | D:14     | Received a gift from Trog
 19005 | D:14     | Found a gate to the Vaults.
 19123 | D:14     | Reached skill level 11 in Dodging
 19377 | D:15     | Entered Level 15 of the Dungeon
 19377 | D:15     | Found Damoi's General Store.
 19438 | D:15     | Found a shadowy altar of Dithmenos.
 19720 | D:15     | Reached skill level 5 in Armour
 19726 | D:15     | HP: 28/154 [orc priest/divine providence (17)]
 20164 | D:15     | Found a staircase to the Depths.
 20773 | Snake:1  | Entered Level 1 of the Snake Pit
 21309 | Snake:1  | Found Saeth's Distillery.
 21784 | Snake:1  | Reached XP level 16. HP: 165/165 MP: 12/21
 21806 | Snake:2  | Received a gift from Trog
 21831 | Snake:2  | Reached skill level 6 in Armour
 22331 | Snake:2  | Noticed Vashnia
 22364 | Snake:2  | Killed Vashnia
 22364 | Snake:2  | Reached skill level 12 in Fighting
 22364 | Snake:2  | Reached skill level 11 in Shields
 22364 | Snake:2  | Reached skill level 14 in Unarmed Combat
 22396 | Snake:2  | HP: 40/165 [naga sharpshooter/bolt[Vashnia] (24)]
 22687 | Snake:2  | Found Pattu's Book Boutique.
 23121 | Snake:2  | Upgraded the game from 0.22-a0-402-ga933591 to 0.22-a0-406-g9ff8d77
 23222 | Snake:3  | HP: 41/165 [naga sharpshooter/arrow (11)]
 23234 | Snake:3  | Found Pesoraiv's Magic Scroll Shop.
 23411 | Snake:3  | Bought a scroll of fog for 26 gold pieces
 23455 | Snake:3  | Reached skill level 12 in Dodging
 23624 | Snake:3  | Received a gift from Trog
 23677 | Snake:3  | Reached skill level 7 in Armour
 24489 | Shoals:1 | Entered Level 1 of the Shoals
 25065 | Shoals:1 | Reached XP level 17. HP: 175/175 MP: 22/22
 25219 | Shoals:1 | Received a gift from Trog
 25313 | Shoals:2 | You fall through a shaft!
 25463 | Shoals:3 | Noticed Polyphemus
 25486 | Shoals:3 | Killed Polyphemus
 25781 | Shoals:3 | Reached skill level 8 in Armour
 26141 | Shoals:2 | Received a gift from Trog
 26358 | Shoals:2 | Got a sparkling turquoise ring
 26370 | Shoals:2 | Identified the ring "Guxzithaku" {Wiz rElec Int+5 Dex-5 SInv} (You found it on level 2 of the Shoals)
 26395 | Shoals:2 | Reached skill level 15 in Unarmed Combat
 26447 | Shoals:2 | Reached skill level 12 in Shields
 26887 | Shoals:2 | Noticed a kraken
 26910 | Shoals:2 | Killed a kraken
 27088 | Shoals:4 | Entered Level 4 of the Shoals
 27125 | Shoals:4 | Reached skill level 13 in Fighting
 27316 | Shoals:4 | Noticed Ilsuiw
 27354 | Shoals:4 | Killed Ilsuiw
 27372 | Shoals:4 | Received a gift from Trog
 27661 | Shoals:4 | HP: 44/176 [merfolk/trident (1)]
 27666 | Shoals:4 | HP: 35/176 [poisoned by a merfolk impaler]
 27671 | Shoals:4 | HP: 16/176 [barbs]
 27676 | Shoals:3 | HP: 23/176 [poisoned by a merfolk impaler]
 27685 | Shoals:3 | HP: 27/176 [poisoned by a merfolk impaler]
 27895 | Shoals:4 | Reached XP level 18. HP: 185/185 MP: 23/23
 27917 | Shoals:4 | Reached skill level 13 in Dodging
 28071 | Shoals:4 | Reached skill level 9 in Armour
 28253 | Shoals:4 | HP: 40/185 [alligator snapping turtle (28)]
 28258 | Shoals:4 | HP: 46/185 [alligator snapping turtle (16)]
 28349 | Shoals:4 | Got a barnacled rune of Zot
 28822 | Snake:4  | Entered Level 4 of the Snake Pit
 29301 | Snake:4  | Received a gift from Trog
 30156 | Snake:4  | Received a gift from Trog
 30171 | Snake:4  | Reached skill level 16 in Unarmed Combat
 30287 | Snake:4  | Reached skill level 13 in Shields
 30366 | Snake:4  | Reached XP level 19. HP: 164/196 MP: 18/24
 30418 | Snake:4  | Reached skill level 10 in Armour
 30477 | Snake:4  | Got a serpentine rune of Zot
 30794 | Vaults:1 | Entered Level 1 of the Vaults
 31025 | Vaults:1 | Reached skill level 14 in Fighting
 31492 | Vaults:1 | Received a gift from Trog
 31567 | Vaults:1 | Noticed Jorgrun
 31584 | Vaults:1 | Killed Jorgrun
 31873 | Vaults:1 | Reached skill level 14 in Dodging
 32210 | Vaults:2 | Paralysed by a sphinx for 7 turns
 32437 | Vaults:2 | Received a gift from Trog
 32658 | Vaults:2 | Lost intelligence.
 32902 | Vaults:2 | Found a staircase to the Crypt.
 32960 | Vaults:2 | Reached XP level 20. HP: 155/208 MP: 21/25
 33071 | Vaults:2 | Reached skill level 11 in Armour
 33868 | Vaults:3 | Reached skill level 17 in Unarmed Combat
 34014 | Vaults:3 | Found Ylylimi's Assorted Antiques.
 34036 | Vaults:3 | Bought the +4 moon troll leather armour {Spirit, Regen++ MP+5} for 1035 gold pieces
 34036 | Vaults:3 | Found the +4 moon troll leather armour {Spirit, Regen++ MP+5, regen}
 34132 | Vaults:3 | Received a gift from Trog
 34432 | Vaults:3 | Found a shimmering altar of Xom.
 34564 | Vaults:3 | Reached skill level 14 in Shields
 35391 | Vaults:4 | Reached skill level 15 in Fighting
 35575 | Vaults:4 | Found the ring of Robustness {AC+8}
 35630 | Vaults:4 | Received a gift from Trog
 36342 | Depths:1 | Entered Level 1 of the Depths
 36475 | Depths:1 | Reached XP level 21. HP: 218/218 MP: 26/26
 36756 | Depths:1 | Found a one-way gate leading to the halls of Pandemonium.
 36862 | Depths:1 | Found a shattered altar of Ashenzari.
 36943 | Depths:1 | Noticed Sojobo
 36969 | Depths:1 | Killed Sojobo
 36969 | Depths:1 | Reached skill level 12 in Armour
 37072 | Depths:1 | Reached skill level 15 in Dodging
 37087 | Depths:1 | Found Noschook's Magic Scroll Shop.
 37090 | Depths:1 | Bought a scroll of fog for 34 gold pieces
 37090 | Depths:1 | Bought a scroll of acquirement for 884 gold pieces
 37091 | Depths:1 | Got a slimy bone ring
 37093 | Depths:1 | Identified the ring "Etigen" {+Inv rPois Str+10 Dex-5 Stlth+} (You acquired it on level 1 of the Depths)
 37160 | Depths:1 | Found a gateway to Hell.
 37455 | Depths:2 | Found a transporter.
 37455 | Depths:2 | Found a transporter.
 37696 | Depths:2 | Received a gift from Trog
 37789 | Depths:2 | Noticed DEFE's ghost (journeyman MiFi)
 37809 | Depths:2 | Killed DEFE's ghost
 37882 | Depths:2 | You fall through a shaft!
 37927 | Depths:3 | Found a glowing golden altar of the Shining One.
 37942 | Depths:3 | Found Beukhanli's Book Boutique.
 37957 | Depths:3 | Found Qestrebb's General Store.
 38067 | Depths:3 | Found a one-way gate to the infinite horrors of the Abyss.
 38105 | Depths:3 | Reached skill level 18 in Unarmed Combat
 38146 | Depths:3 | Found Guby's Distillery.
 38176 | Depths:3 | Bought a potion of mutation for 152 gold pieces
 38176 | Depths:3 | Bought a potion of might for 76 gold pieces
 38176 | Depths:3 | Bought a potion of ambrosia for 152 gold pieces
 38176 | Depths:3 | Bought a potion of heal wounds for 95 gold pieces
 38176 | Depths:3 | Bought 2 potions of haste for 380 gold pieces
 38176 | Depths:3 | Bought 2 potions of might for 152 gold pieces
 38232 | Depths:3 | Found Nosmamn's Jewellery Emporium.
 38240 | Depths:3 | Found a flickering gateway to a bazaar.
 38303 | Bazaar   | Entered a bazaar
 38328 | Bazaar   | Found Luuhutto's Book Emporium.
 38357 | Bazaar   | Found Xyisotw Xato's Assorted Antiques.
 38390 | Bazaar   | Found Cyhupysasm's General Store.
 38407 | Bazaar   | Found Ysavyifi's Antique Weapon Shoppe.
 38432 | Bazaar   | Bought 3 scrolls of blinking for 270 gold pieces
 38642 | Depths:3 | Found a glowing silver altar of Zin.
 38642 | Depths:3 | Noticed Mennas
 38715 | Depths:3 | Killed Mennas
 38802 | Depths:3 | Found the +7 Kryia's mail coat {PotionHeal*2 rC+}
 38813 | Depths:3 | Got a smoking large shield
 38826 | Depths:3 | Identified the +6 large shield "Igrude" {rPois rC+ Dex+2} (You found it on level 3 of the Depths)
 38866 | Depths:3 | Identified Cucwaosh's Volume of Cloudy Flames
 39014 | Depths:3 | Received a gift from Trog
 39138 | Depths:3 | Noticed Xtahua
 39151 | Depths:3 | Killed Xtahua
 39151 | Depths:3 | Reached skill level 15 in Shields
 39329 | Depths:3 | Found a portal to a secret trove of treasure.
 39397 | Depths:3 | Found Owozyn's Gadget Boutique.
 39397 | Depths:3 | Found Raonalem's Jewellery Emporium.
 39398 | Depths:3 | Found Fets's Jewellery Emporium.
 39642 | Depths:2 | Found a gateway to a ziggurat.
 39888 | Depths:3 | You paid a toll of 5 potions of resistance to enter a treasure trove
 39889 | Trove    | Entered a treasure trove
 39896 | Trove    | Got a bound jade ring
 39899 | Trove    | Got a steaming platinum ring
 39901 | Trove    | Got a fine platinum ring
 39903 | Trove    | Got an ancient turquoise ring
 39909 | Trove    | Got a bound silver ring
 39922 | Trove    | Identified the ring of Law {*Corrode rC+ Int+5} (You found it in a treasure trove)
 39924 | Trove    | Identified the ring of Divine Intervention {Str+2 Dex+10} (You found it in a treasure trove)
 39926 | Trove    | Identified the ring of Hard Scrabble {rN+ MP+9 Str+4} (You found it in a treasure trove)
 39928 | Trove    | Identified the ring of the Lost Realms {rC++ Str+4 Int-2 SInv Stlth+} (You found it in a treasure trove)
 39930 | Trove    | Identified the ring "Busk" {rElec rF+ Str+2 Stlth+} (You found it in a treasure trove)
 39942 | Trove    | Got a sparkling steel ring
 39966 | Trove    | Identified the ring of Fifyecso {MP+9 EV+2 Int+2} (You found it in a treasure trove)
 40169 | Depths:4 | Reached XP level 22. HP: 223/230 MP: 27/27
 40214 | Depths:4 | Noticed a golden dragon
 40228 | Depths:4 | Killed a golden dragon
 40307 | Depths:4 | Reached skill level 13 in Armour
 40407 | Depths:4 | Found a corrupted altar of Lugonu.
 40421 | Depths:4 | Noticed Mara
 40430 | Depths:4 | Reached skill level 16 in Fighting
 40434 | Depths:4 | Received a gift from Trog
 40440 | Depths:4 | Killed Mara
 40658 | Depths:4 | Noticed a juggernaut
 40665 | Depths:4 | Killed a juggernaut
 40694 | Depths:4 | Noticed a caustic shrike
 40694 | Depths:4 | Noticed a caustic shrike
 40694 | Depths:4 | Noticed a caustic shrike
 40709 | Depths:4 | Killed a caustic shrike
 40716 | Depths:4 | Killed a caustic shrike
 40746 | Depths:4 | Reached skill level 16 in Dodging
 40792 | Depths:4 | Killed a caustic shrike
 41028 | Depths:3 | Got an ichor-stained quarterstaff
 41031 | Depths:3 | Identified the cursed +2 quarterstaff of Deformation {crush, MR+ Dex+4 Stlth+} (You found it on level 3 of the Depths)
 41154 | Depths:4 | Noticed the Enchantress
 41196 | Depths:4 | Killed the Enchantress
 41198 | Depths:4 | Got faerie dragon scales
 41261 | Depths:4 | Received a gift from Trog
 41385 | Depths:4 | Reached skill level 19 in Unarmed Combat
 41562 | Depths:5 | Entered Level 5 of the Depths
 41566 | Depths:5 | Noticed a juggernaut
 41584 | Depths:5 | HP: 56/232 [deep troll earth mage (10)]
 41586 | Depths:5 | Killed a juggernaut
 41603 | Depths:5 | Found Zuoth's Assorted Antiques.
 41608 | Depths:5 | HP: 42/232 [deep troll earth mage/blast of rock fragments (20)]
 41758 | Depths:5 | Noticed a caustic shrike
 41767 | Depths:5 | Noticed a caustic shrike
 41769 | Depths:5 | Noticed a caustic shrike
 41788 | Depths:4 | Killed a caustic shrike
 41802 | Depths:4 | Killed a caustic shrike
 41802 | Depths:4 | Reached XP level 23. HP: 195/240 MP: 28/28
 41855 | Depths:4 | Killed a caustic shrike
 42051 | Depths:5 | Noticed a caustic shrike
 42064 | Depths:5 | Noticed a caustic shrike
 42076 | Depths:4 | Killed a caustic shrike
 42116 | Depths:4 | Killed a caustic shrike
 42180 | Depths:4 | Reached skill level 14 in Armour
 42242 | Depths:4 | Received a gift from Trog
 42318 | Depths:5 | HP: 57/241 [??? (43)]
 42325 | Depths:5 | HP: 57/241 [tormentor (6)]
 42330 | Depths:5 | HP: 43/241 [frost giant/bolt of cold (10)]
 42336 | Depths:5 | HP: 51/241 [frost giant/bolt of cold (3)]
 43005 | Depths:5 | Found a gate to the Realm of Zot.
 43562 | Vaults:5 | Entered Level 5 of the Vaults
 43630 | Vaults:5 | Reached skill level 17 in Fighting
 43927 | Vaults:5 | Reached skill level 17 in Dodging
 43971 | Vaults:5 | Identified the +6 faerie dragon scales {rCorr Int+6 SInv} (You took it off the Enchantress on level 4 of the Depths)
 44137 | Vaults:5 | Reached XP level 24. HP: 202/253 MP: 28/28
 44237 | Vaults:5 | Got a brightly glowing quarterstaff {crush}
 44238 | Vaults:5 | Identified the +10 quarterstaff "Impbane" {crush, Str+2 Int+4} (You took it off a frost giant on level 5 of the Vaults)
 44288 | Vaults:5 | Received a gift from Trog
 44292 | Vaults:5 | Reached skill level 20 in Unarmed Combat
 44294 | Vaults:5 | Got a warped amber ring
 44453 | Vaults:5 | Got a faintly glowing glaive {chop}
 44656 | Vaults:5 | Reached skill level 15 in Armour
 44707 | Vaults:5 | Identified the ring "Meok" {rF+ Str+4 Dex+4} (You took it off a vault guard on level 5 of the Vaults)
 44934 | Vaults:5 | Identified the Incunabulum of Orientation and Good Luck
 45027 | Vaults:5 | Got a steaming hand axe {freeze}
 45043 | Vaults:5 | Received a gift from Trog
 45075 | Vaults:5 | Cast into level 4 of the Abyss (a Zot trap)
 45404 | Vaults:5 | Escaped the Abyss
 45633 | Vaults:5 | Got a silver rune of Zot
 45710 | Vaults:5 | Got a scorched hunting sling
 46089 | Zot:1    | Entered Level 1 of the Realm of Zot
 46110 | Zot:1    | Received a gift from Trog
 46145 | Zot:1    | Got a shimmering dagger {god gift}
 46263 | Zot:1    | HP: 64/256 [yellow draconian monk (6)]
 46273 | Zot:1    | HP: 58/256 [yellow draconian monk (15)]
 46279 | Zot:1    | HP: 43/256 [acid (5)]
 46286 | Zot:1    | HP: 49/256 [green draconian knight/long sword (5)]
 46311 | Zot:1    | HP: 58/256 [shot self (9)]
 46347 | Zot:1    | Reached skill level 18 in Fighting
 46635 | Zot:1    | Reached XP level 25. HP: 171/265 MP: 1/28
 46983 | Zot:1    | Reached skill level 18 in Dodging
 47230 | Zot:1    | Reached skill level 21 in Unarmed Combat
 47618 | Zot:2    | Reached skill level 16 in Armour
 47836 | Zot:2    | HP: 65/266 [purple draconian stormcaller/divine providence (10)]
 47858 | Zot:2    | HP: 62/266 [electric golem/bolt of lightning (9)]
 47866 | Zot:2    | HP: 90/399 [electric golem/bolt of lightning (8)]
 48617 | Zot:3    | Received a gift from Trog
 49454 | Zot:3    | Reached XP level 26. HP: 244/276 MP: 28/28
 49554 | Zot:3    | Noticed an orb of fire
 49561 | Zot:3    | Killed an orb of fire
 49796 | Zot:3    | Received a gift from Trog
 50603 | Zot:3    | Reached skill level 19 in Fighting
 50885 | Zot:5    | Entered Level 5 of the Realm of Zot
 51211 | Zot:5    | Noticed an orb of fire
 51254 | Zot:5    | Killed an orb of fire
 51258 | Zot:5    | Reached skill level 17 in Armour
 51258 | Zot:5    | Reached skill level 22 in Unarmed Combat
 51268 | Zot:5    | Reached skill level 19 in Dodging
 51773 | Zot:5    | Noticed an orb of fire
 51796 | Zot:5    | Gained mutation: Your muscles are strong. (Str +2) [an orb of fire]
 51803 | Zot:5    | Killed an orb of fire
 52051 | Zot:5    | Noticed an orb of fire
 52082 | Zot:5    | Killed an orb of fire
 52130 | Zot:5    | Received a gift from Trog
 52246 | Zot:5    | Noticed an orb of fire
 52250 | Zot:5    | Noticed an orb of fire
 52264 | Zot:5    | Gained mutation: Your magical capacity is low. (-10% MP) [an orb of fire]
 52265 | Zot:5    | Gained mutation: Scrolls take you a little longer to read. [an orb of fire]
 52268 | Zot:5    | Gained mutation: Armour fits poorly on your strangely shaped body. [an orb of fire]
 52279 | Zot:5    | Lost mutation: Your muscles are strong. (Str +2) [an orb of fire]
 52283 | Zot:5    | Killed an orb of fire
 52350 | Zot:5    | Killed an orb of fire
 52350 | Zot:5    | Reached XP level 27. HP: 287/287 MP: 25/25
 52380 | Zot:5    | Noticed an orb of fire
 52384 | Zot:5    | Gained mutation: Your spells are a little easier to cast, but a little less powerful. [an orb of fire]
 52386 | Zot:5    | Gained mutation: You are clumsy. (Dex -2) [an orb of fire]
 52394 | Zot:5    | Gained mutation: You are frail. (-10% HP) [an orb of fire]
 52411 | Zot:5    | Lost mutation: You are clumsy. (Dex -2) [an orb of fire]
 52412 | Zot:5    | Killed an orb of fire
 53075 | Zot:5    | Noticed an orb of fire
 53121 | Zot:5    | Noticed an orb of fire
 53121 | Zot:5    | Noticed an orb of fire
 53123 | Zot:5    | Gained mutation: You are dopey. (Int -2) [an orb of fire]
 53143 | Zot:5    | Killed an orb of fire
 53152 | Zot:5    | Killed an orb of fire
 53159 | Zot:5    | Gained mutation: You are weak. (Str -2) [an orb of fire]
 53166 | Zot:5    | Gained mutation: You are very dopey. (Int -4) [an orb of fire]
 53171 | Zot:5    | Killed an orb of fire
 53171 | Zot:5    | Reached skill level 18 in Armour
 53244 | Zot:5    | Noticed an orb of fire
 53255 | Zot:5    | Killed an orb of fire
 53255 | Zot:5    | Reached skill level 20 in Fighting
 53260 | Zot:5    | Reached skill level 23 in Unarmed Combat
 53513 | Zot:5    | Noticed an ancient lich
 53525 | Zot:5    | Killed an ancient lich
 53626 | Zot:5    | Lost mutation: Armour fits poorly on your strangely shaped body. [potion of mutation]
 53626 | Zot:5    | Lost mutation: You are very dopey. (Int -4) [potion of mutation]
 53626 | Zot:5    | Lost mutation: Your magical capacity is low. (-10% MP) [potion of mutation]
 53626 | Zot:5    | Lost mutation: Your spells are a little easier to cast, but a little less powerful. [potion of mutation]
 53626 | Zot:5    | Lost mutation: You are dopey. (Int -2) [potion of mutation]
 53627 | Zot:5    | Lost mutation: You are frail. (-10% HP) [potion of mutation]
 53627 | Zot:5    | Lost mutation: You are weak. (Str -2) [potion of mutation]
 53627 | Zot:5    | Lost mutation: Scrolls take you a little longer to read. [potion of mutation]
 53627 | Zot:5    | Gained mutation: You are agile. (Dex +2) [potion of mutation]
 53627 | Zot:5    | Gained mutation: You are somewhat resistant to further mutation. [potion of mutation]
 53684 | Zot:5    | Got the Orb of Zot
 53866 | Depths:5 | Gained mutation: You are frail. (-10% HP) [a cacodemon]
 54261 | D:$      | Escaped with the Orb!

Vault maps used:
D:1:      dpeg_arrival_orchard, minmay_tromino_mix6
D:2:      gammafunk_temple_overflow_forgotten, dk_noncrumbling_2,
          okawaru_altar_gauntlet_db, uniq_natasha, uniq_jessica
D:3:      uniq_crazy_yiuf_cottage
D:4:      first_ration, uniq_eustachio
D:5:      gammafunk_temple_overflow_elements, minmay_misc_feat_pillars,
          uniq_prince_ribbit1
D:6:      nicolae_overflow_hidden_temple, basic_altar, gup_sewer_entry_pipe
D:7:      minmay_temple_entry_glassed_door, serial_shops, shop
D:8:      cheibrodos_steamvent
D:9:      erik_orc_4, serial_shops, shop
D:10:     lair_entry_dummy, uniq_harold
D:11:     serial_shops, shop
D:12:     minmay_joined_circles, uniq_sonja, uniq_psyche, uniq_frances,
          uniq_maurice
D:13:     hangedman_ranch, uniq_josephine
D:14:     david_vaults_4, minmay_crystal_room, lightli_fourway_metalbox
D:15:     grunt_enter_depths_hoard, grunt_dithmenos_shadows, serial_shops, shop
Lair:1:   grunt_megastairs_3, serial_bayou_shore_b, infiniplex_staircase_pool,
          lemuel_fruit_fields
Lair:3:   minmay_shoals_entry_hut, uniq_urug
Lair:4:   statuecave_lemuel, minmay_snake_entry_guardpost_medium
Lair:5:   minmay_stone_trees_small, uniq_nessos
Lair:6:   minmay_lair_end_frog_pond, slime_dummy, minmay_lair_oklob_items,
          minivault_11, lemuel_old_faithful
Shoals:2: nicolae_shoals_siren_and_animal_friends
Shoals:3: st_sunken_huts, uniq_polyphemus
Shoals:4: shoals_end_simple, shoals_ilsuiw_ice
Snake:1:  serial_shops, shop_fountains
Snake:2:  serial_shops, shop, spider_trap, st_stairs_8, grunt_ministairs_8,
          uniq_vashnia
Snake:3:  serial_shops, shop, grunt_ministairs_11, st_stairs_11, spider_trap
Snake:4:  grunt_snake_rune_serpentine_throne
Orc:1:    minmay_orc_temple_a, uniq_gastronok
Orc:2:    st_orc_elflike
Vaults:1: nicolae_vaults_network_quinsquares, v_misc_30, serial_ice_m,
          nicolae_vaults_quadrants, nicolae_vaults_network_s,
          hangedman_vaults_stretched_pinwheel, vaults_room_grunt_arrival_ludios,
          vaults_mumra_minichess, vaults_room_door_hall, vaults_room_pools,
          uniq_jorgrun
Vaults:2: st_diamondy, nicolae_vaults_network_quincunx,
          ontoclasm_vaults_shuriken, nicolae_vaults_network_square,
          vaults_room_corners, vaults_dpeg_ring,
          minmay_crypt_entry_simple_sparse,
          nicolae_vaults_windows_and_doors_thing, vaults_room_door_ring,
          vaults_room_corners
Vaults:3: nicolae_vaults_little_squares_6, v_misc_29, v_misc_8, v_pattern_4,
          vaults_mumra_minichess_inversion, vaults_mumra_chevron,
          ontoclasm_vaults_fault, v_misc_8, hangedman_vaults_maws,
          nicolae_vaults_what_the_h, vaults_dpeg_diagonal,
          ontoclasm_vaults_decontamination, serial_shops, shop, basic_altar
Vaults:4: ontoclasm_vaults_bender, ontoclasm_vaults_idyll,
          nicolae_vaults_network_barrier, v_alt_pattern_3,
          nicolae_vaults_little_squares_2, v_misc_1, hangedman_vaults_snaps,
          nicolae_vaults_shelves_hall, vaults_room_grid,
          hangedman_vaults_restitches, v_misc_11,
          nicolae_vaults_little_squares_2
Vaults:5: serial_shops
Depths:1: nicolae_ashenzari_panopticon, pan_entry, serial_shops,
          nicolae_shop_behind_doors, hell_entry,
          eino_small_chamber_without_monster, aerie_lemuel,
          serial_bayou_shore_a, uniq_sojobo
Depths:2: gammafunk_sealed_arena, enter_ziggurat_e,
          hangedman_abyss_or_decor_jellyfish_corner, grunt_mini_vestibule,
          lightli_corner_chamber
Depths:3: evilmike_silver_temple, rand_demon_pan_entry_3, enter_trove_6,
          abyss_entry_crystal, pf_hell_entry_tar_spiral, serial_shops,
          bzr_entry_water, shop, shop, shop, shop, tso_metal_star,
          minmay_shop_grove, firewood_loft, minmay_staircase_windowed_small,
          uniq_xtahua
Depths:4: grunt_deathspiral_small, abyss_entry_flame_altar, hell_entry,
          infiniplex_staircase_squiggle, serial_bayou_shore_b, uniq_mara,
          uniq_enchantress
Depths:5: evilmike_zot_entry_basic, grunt_hell_entry_dis_mu,
          grunt_pan_entry_in_and_out, minmay_shop_star, serial_bayou_shore_b
Zot:1:    nicolae_moth_party, grunt_ministairs_6
Zot:3:    gammafunk_mikee_crab_dinner, bh_zot_ikea_curve, grunt_ministairs_3,
          lemuel_elevator
Zot:4:    grunt_megastairs_1
Abyss:4:  nicolae_abyss_rune_star_stuff
Bazaar:   bazaar_kenran_forest_clearing
Trove:    trove_jewellery_lava
Sewer:    sewer_kobolds

Skill      XL: |  1  2  3  4  5  6  7  8  9 10 11 12 13 14 15 16 17 18 19 20 21 22 23 24 25 26 27 |
---------------+----------------------------------------------------------------------------------+-----
Fighting       | 3 4 5 6 7 9 10 11 12 13 14 15 16 17 18 19 20 | 20.1
Unarmed Combat | 4 5 6 7 8 10 12 13 14 15 16 17 18 19 20 21 22 23 | 23.1
Dodging        | 3 6 8 10 11 12 13 14 15 16 17 18 19 | 19.9
Shields        | 1 5 7 9 10 11 12 13 14 15 | 15.0
Evocations     | 1 4 7 8 |  8.0
Armour         | 3 5 7 8 9 10 11 12 13 14 15 16 17 18 | 18.2

Action                   |  1- 3 |  4- 6 |  7- 9 | 10-12 | 13-15 | 16-18 | 19-21 | 22-24 | 25-27 || total
-------------------------+-------+-------+-------+-------+-------+-------+-------+-------+-------++-------
Melee: Unarmed           |    66 |   141 |   258 |   514 |  1276 |  1616 |  1929 |  1844 |  1320 ||  8964
       Punch             |       |     2 |    13 |     7 |       |       |       |       |       ||    22
       Mace              |       |       |       |     3 |       |       |       |       |       ||     3
Invok: Berserk           |       |     2 |     6 |    10 |    14 |    18 |     6 |     8 |    10 ||    74
       Trog's Hand       |       |       |     1 |     9 |     9 |    16 |    19 |    18 |    14 ||    86
       Brothers in Arms  |       |       |       |     1 |     4 |     5 |     5 |     4 |     7 ||    26
Evoke: Wand              |       |       |       |     5 |    22 |       |     1 |     1 |       ||    29
       Phial of floods   |       |       |       |       |       |       |     1 |       |       ||     1
       Phantom mirror    |       |       |       |       |       |       |       |     1 |       ||     1
  Use: Scroll            |       |    10 |     6 |     2 |    21 |     7 |     5 |    12 |     3 ||    66
       Potion            |       |       |       |     4 |       |    11 |     3 |    16 |     8 ||    42
 Stab: Sleeping          |     1 |       |     1 |     1 |       |       |       |       |     9 ||    12
       Distracted        |       |       |       |     1 |       |       |     1 |     6 |     1 ||     9
       Paralysed         |       |       |       |       |     2 |       |       |       |       ||     2
       Petrifying        |       |       |       |       |     1 |       |       |       |       ||     1
       Invisible         |       |       |       |       |       |     4 |       |       |       ||     4
  Eat: Chunk             |    14 |    13 |    43 |    80 |   109 |   104 |    92 |    74 |    72 ||   601
       Ration            |       |       |       |       |       |     2 |     3 |     1 |     3 ||     9
Armor: Animal skin       |    30 |    50 |    94 |       |       |       |       |       |       ||   174
       Steam dragon scal |       |       |     5 |   132 |   201 |   198 |   121 |       |       ||   657
       Troll leather arm |       |       |       |       |       |       |   165 |    99 |       ||   264
       Acid dragon scale |       |       |       |       |       |       |       |    61 |   222 ||   283
Dodge: Dodged            |    37 |    66 |   113 |   195 |   301 |   474 |   376 |   420 |   329 ||  2311
Block: Shield            |       |       |       |   202 |   188 |       |       |       |       ||   390
       Large shield      |       |       |       |       |  1063 |  2236 |  2152 |  1756 |  1177 ||  8384
       Reflection        |       |       |       |       |       |       |    42 |    82 |    19 ||   143

Table legend:
 A = Spawn XP
 B = Non-spawn XP
 C = Spawn XP percentage of total XP
 D = Spawn monster count
 E = Non-spawn monster count
 F = Spawn count percentage of total count
 G = Total turns spent on level
                    A         B        C        D         E        F      G
               +---------+---------+-------+---------+---------+-------+---------
         Total |   17538 | 1617233 |   1.1 |      32 |    2177 |   1.4 | 54261
               +---------+---------+-------+---------+---------+-------+---------
           D:1 |       0 |      35 |   0.0 |       0 |      22 |   0.0 |   824
           D:2 |       0 |     304 |   0.0 |       0 |      36 |   0.0 |   791
           D:3 |       0 |     212 |   0.0 |       0 |      17 |   0.0 |   539
           D:4 |       0 |     869 |   0.0 |       0 |      27 |   0.0 |   873
           D:5 |       0 |    1104 |   0.0 |       0 |      25 |   0.0 |   616
           D:6 |       0 |     957 |   0.0 |       0 |      29 |   0.0 |   867
           D:7 |       0 |    1031 |   0.0 |       0 |      20 |   0.0 |   658
           D:8 |       0 |    1767 |   0.0 |       0 |      26 |   0.0 |   914
           D:9 |       0 |    2729 |   0.0 |       0 |      35 |   0.0 |   935
          D:10 |       0 |    5861 |   0.0 |       0 |      28 |   0.0 |  1013
          D:11 |       0 |    4667 |   0.0 |       0 |      26 |   0.0 |   668
          D:12 |       0 |   13458 |   0.0 |       0 |      50 |   0.0 |  1363
          D:13 |       0 |   13037 |   0.0 |       0 |      47 |   0.0 |  1080
          D:14 |       0 |    9052 |   0.0 |       0 |      27 |   0.0 |   994
          D:15 |       0 |   18842 |   0.0 |       0 |      46 |   0.0 |  1326
        Lair:1 |       0 |    2408 |   0.0 |       0 |      11 |   0.0 |   982
        Lair:2 |       0 |    1959 |   0.0 |       0 |      13 |   0.0 |   988
        Lair:3 |       0 |    6588 |   0.0 |       0 |      28 |   0.0 |  1011
        Lair:4 |       0 |    4152 |   0.0 |       0 |      17 |   0.0 |   856
        Lair:5 |       0 |    8800 |   0.0 |       0 |      26 |   0.0 |   899
        Lair:6 |       0 |   20913 |   0.0 |       0 |      74 |   0.0 |  1667
      Shoals:1 |       0 |   18242 |   0.0 |       0 |      38 |   0.0 |   829
      Shoals:2 |       0 |   17749 |   0.0 |       0 |      36 |   0.0 |   872
      Shoals:3 |       0 |   27151 |   0.0 |       0 |      46 |   0.0 |  1244
      Shoals:4 |       0 |   52585 |   0.0 |       0 |      82 |   0.0 |  1293
       Snake:1 |       0 |   16153 |   0.0 |       0 |      27 |   0.0 |  1123
       Snake:2 |       0 |   28581 |   0.0 |       0 |      41 |   0.0 |  1403
       Snake:3 |       0 |   16007 |   0.0 |       0 |      29 |   0.0 |  1257
       Snake:4 |       0 |   63740 |   0.0 |       0 |      94 |   0.0 |  1723
         Orc:1 |       0 |    8296 |   0.0 |       0 |      55 |   0.0 |   634
         Orc:2 |       0 |   11477 |   0.0 |       0 |      54 |   0.0 |   932
      Vaults:1 |       0 |   57876 |   0.0 |       0 |      89 |   0.0 |  1385
      Vaults:2 |       0 |   44963 |   0.0 |       0 |      82 |   0.0 |  1625
      Vaults:3 |       0 |   39300 |   0.0 |       0 |      78 |   0.0 |  1304
      Vaults:4 |       0 |   56997 |   0.0 |       0 |      74 |   0.0 |  1328
      Vaults:5 |       0 |  161273 |   0.0 |       0 |     158 |   0.0 |  1915
      Depths:1 |       0 |   29029 |   0.0 |       0 |      28 |   0.0 |  1160
      Depths:2 |       0 |   33189 |   0.0 |       0 |      44 |   0.0 |   853
      Depths:3 |       0 |   60572 |   0.0 |       0 |      48 |   0.0 |  1674
      Depths:4 |       0 |  170488 |   0.0 |       0 |     134 |   0.0 |  2142
      Depths:5 |       0 |   50995 |   0.0 |       0 |      50 |   0.0 |  1263
         Zot:1 |       0 |   88436 |   0.0 |       0 |      53 |   0.0 |  1324
         Zot:2 |       0 |   53468 |   0.0 |       0 |      31 |   0.0 |  1261
         Zot:3 |       0 |  109351 |   0.0 |       0 |      59 |   0.0 |  1509
         Zot:4 |       0 |   14314 |   0.0 |       0 |       9 |   0.0 |   794
         Zot:5 |       0 |  264106 |   0.0 |       0 |      91 |   0.0 |  2821
       Abyss:4 |   17538 |    4019 |  81.4 |      32 |       8 |  80.0 |   329
         Sewer |       0 |     131 |   0.0 |       0 |       9 |   0.0 |   132
               +---------+---------+-------+---------+---------+-------+---------

Vault maps used:
D:1:      dpeg_arrival_orchard, minmay_tromino_mix6
D:2:      gammafunk_temple_overflow_forgotten, dk_noncrumbling_2,
          okawaru_altar_gauntlet_db, uniq_natasha, uniq_jessica
D:3:      uniq_crazy_yiuf_cottage
D:4:      first_ration, uniq_eustachio
D:5:      gammafunk_temple_overflow_elements, minmay_misc_feat_pillars,
          uniq_prince_ribbit1
D:6:      nicolae_overflow_hidden_temple, basic_altar, gup_sewer_entry_pipe
D:7:      minmay_temple_entry_glassed_door, serial_shops, shop
D:8:      cheibrodos_steamvent
D:9:      erik_orc_4, serial_shops, shop
D:10:     lair_entry_dummy, uniq_harold
D:11:     serial_shops, shop
D:12:     minmay_joined_circles, uniq_sonja, uniq_psyche, uniq_frances,
          uniq_maurice
D:13:     hangedman_ranch, uniq_josephine
D:14:     david_vaults_4, minmay_crystal_room, lightli_fourway_metalbox
D:15:     grunt_enter_depths_hoard, grunt_dithmenos_shadows, serial_shops, shop
Lair:1:   grunt_megastairs_3, serial_bayou_shore_b, infiniplex_staircase_pool,
          lemuel_fruit_fields
Lair:3:   minmay_shoals_entry_hut, uniq_urug
Lair:4:   statuecave_lemuel, minmay_snake_entry_guardpost_medium
Lair:5:   minmay_stone_trees_small, uniq_nessos
Lair:6:   minmay_lair_end_frog_pond, slime_dummy, minmay_lair_oklob_items,
          minivault_11, lemuel_old_faithful
Shoals:2: nicolae_shoals_siren_and_animal_friends
Shoals:3: st_sunken_huts, uniq_polyphemus
Shoals:4: shoals_end_simple, shoals_ilsuiw_ice
Snake:1:  serial_shops, shop_fountains
Snake:2:  serial_shops, shop, spider_trap, st_stairs_8, grunt_ministairs_8,
          uniq_vashnia
Snake:3:  serial_shops, shop, grunt_ministairs_11, st_stairs_11, spider_trap
Snake:4:  grunt_snake_rune_serpentine_throne
Orc:1:    minmay_orc_temple_a, uniq_gastronok
Orc:2:    st_orc_elflike
Vaults:1: nicolae_vaults_network_quinsquares, v_misc_30, serial_ice_m,
          nicolae_vaults_quadrants, nicolae_vaults_network_s,
          hangedman_vaults_stretched_pinwheel, vaults_room_grunt_arrival_ludios,
          vaults_mumra_minichess, vaults_room_door_hall, vaults_room_pools,
          uniq_jorgrun
Vaults:2: st_diamondy, nicolae_vaults_network_quincunx,
          ontoclasm_vaults_shuriken, nicolae_vaults_network_square,
          vaults_room_corners, vaults_dpeg_ring,
          minmay_crypt_entry_simple_sparse,
          nicolae_vaults_windows_and_doors_thing, vaults_room_door_ring,
          vaults_room_corners
Vaults:3: nicolae_vaults_little_squares_6, v_misc_29, v_misc_8, v_pattern_4,
          vaults_mumra_minichess_inversion, vaults_mumra_chevron,
          ontoclasm_vaults_fault, v_misc_8, hangedman_vaults_maws,
          nicolae_vaults_what_the_h, vaults_dpeg_diagonal,
          ontoclasm_vaults_decontamination, serial_shops, shop, basic_altar
Vaults:4: ontoclasm_vaults_bender, ontoclasm_vaults_idyll,
          nicolae_vaults_network_barrier, v_alt_pattern_3,
          nicolae_vaults_little_squares_2, v_misc_1, hangedman_vaults_snaps,
          nicolae_vaults_shelves_hall, vaults_room_grid,
          hangedman_vaults_restitches, v_misc_11,
          nicolae_vaults_little_squares_2
Vaults:5: serial_shops
Depths:1: nicolae_ashenzari_panopticon, pan_entry, serial_shops,
          nicolae_shop_behind_doors, hell_entry,
          eino_small_chamber_without_monster, aerie_lemuel,
          serial_bayou_shore_a, uniq_sojobo
Depths:2: gammafunk_sealed_arena, enter_ziggurat_e,
          hangedman_abyss_or_decor_jellyfish_corner, grunt_mini_vestibule,
          lightli_corner_chamber
Depths:3: evilmike_silver_temple, rand_demon_pan_entry_3, enter_trove_6,
          abyss_entry_crystal, pf_hell_entry_tar_spiral, serial_shops,
          bzr_entry_water, shop, shop, shop, shop, tso_metal_star,
          minmay_shop_grove, firewood_loft, minmay_staircase_windowed_small,
          uniq_xtahua
Depths:4: grunt_deathspiral_small, abyss_entry_flame_altar, hell_entry,
          infiniplex_staircase_squiggle, serial_bayou_shore_b, uniq_mara,
          uniq_enchantress
Depths:5: evilmike_zot_entry_basic, grunt_hell_entry_dis_mu,
          grunt_pan_entry_in_and_out, minmay_shop_star, serial_bayou_shore_b
Zot:1:    nicolae_moth_party, grunt_ministairs_6
Zot:3:    gammafunk_mikee_crab_dinner, bh_zot_ikea_curve, grunt_ministairs_3,
          lemuel_elevator
Zot:4:    grunt_megastairs_1
Abyss:4:  nicolae_abyss_rune_star_stuff
Bazaar:   bazaar_kenran_forest_clearing
Trove:    trove_jewellery_lava
Sewer:    sewer_kobolds

Table legend:
 A = Turns spent in this place as a percentage of turns spent in the entire game.
 B = Non-inter-level travel turns spent in this place as a percentage of non-inter-level travel turns spent in the entire game.
 C = Inter-level travel turns spent in this place as a percentage of turns spent in this place.
 D = Turns resting spent in this place as a percentage of non-inter-level travel turns spent in this place.
 E = Turns spent auto-exploring this place as a percentage of non-inter-level travel turns spent in this place.
 F = Non-inter-level travel turns spent in this place divided by the number of levels of this place that you've seen.
                   A       B       C       D       E      F
               +-------+-------+-------+-------+-------+----------------------
         Total | 100.0 | 100.0 |   8.2 |   1.3 |  64.7 | 996.5
       Dungeon |  24.8 |  23.9 |  11.5 |   0.4 |  75.1 | 794.0
          Lair |  11.8 |  11.5 |  10.3 |   1.1 |  78.1 | 957.5
        Shoals |   7.8 |   8.0 |   5.6 |   2.3 |  56.5 | 1000.0
     Snake Pit |  10.1 |  10.4 |   6.2 |   0.8 |  68.2 | 1290.8
  Orcish Mines |   2.9 |   2.9 |   6.9 |   0.0 |  63.9 | 729.0
        Vaults |  13.9 |  14.4 |   5.1 |   0.1 |  56.6 | 1434.4
        Depths |  13.1 |  13.1 |   7.8 |   4.8 |  55.3 | 1308.2
           Zot |  14.2 |  14.3 |   7.8 |   1.5 |  57.9 | 1421.4
         Abyss |   0.6 |   0.7 |   0.0 |   0.0 |  32.5 | 329.0
        Bazaar |   0.3 |   0.3 |   0.0 |   0.0 |  71.7 | 152.0
         Trove |   0.2 |   0.2 |   0.0 |   0.0 |   0.0 | 116.0
         Sewer |   0.2 |   0.3 |   0.0 |   0.0 |  72.0 | 132.0
               +-------+-------+-------+-------+-------+----------------------

Table legend:
 A = Kills in this place as a percentage of kills in entire the game.
 B = Kills by you in this place as a percentage of kills by you in the entire game.
 C = Kills by friends in this place as a percentage of kills by friends in the entire game.
 D = Other kills in this place as a percentage of other kills in the entire game.
 E = Experience gained in this place as a percentage of experience gained in the entire game.
 F = Experience gained in this place divided by the number of levels of this place that you have seen.
                   A       B       C       D       E      F
               +-------+-------+-------+-------+-------+----------------------
         Total | 100.0 | 100.0 | 100.0 | 100.0 | 100.0 | 32894.9
       Dungeon |  20.8 |  20.9 |  22.0 |   0.0 |   4.5 | 4962.1
          Lair |   7.6 |   7.7 |   2.4 |   0.0 |   2.7 | 7470.0
        Shoals |   9.1 |   8.7 |  26.8 |  10.0 |   7.0 | 28931.8
     Snake Pit |   8.6 |   8.8 |   0.0 |   0.0 |   7.6 | 31120.2
  Orcish Mines |   4.9 |   5.0 |   0.0 |   0.0 |   1.2 | 9886.5
        Vaults |  21.6 |  21.5 |  26.8 |  30.0 |  21.9 | 72081.8
        Depths |  14.2 |  14.0 |  17.1 |  60.0 |  21.5 | 70663.6
           Zot |  11.0 |  11.1 |   4.9 |   0.0 |  32.2 | 106019.2
         Abyss |   1.8 |   1.8 |   0.0 |   0.0 |   1.3 | 21557.0
         Sewer |   0.4 |   0.4 |   0.0 |   0.0 |   0.0 | 131.0
               +-------+-------+-------+-------+-------+----------------------
